 Dungeon Crawl Stone Soup version 0.30.1-6-gbe392663c4 (webtiles) character file.

Game seed: 11844712213309564457

631541 Haddock123 the Imperceptible (level 27, -6/284 HPs)
             Began as a Naga Ice Elementalist on Sept 18, 2023.
             Was the Champion of Vehumet.
             Mangled by a Brimstone Fiend (8 damage)
             ... on level 1 of the Realm of Zot on Sept 21, 2023.
             The game lasted 04:44:03 (98176 turns).

Haddock123 the Imperceptible (NaIE)                Turns: 98176, Time: 04:44:03

Health: -6/284     AC: 38    Str: 17 (18) XL:     27
Magic:  9/46       EV:  6    Int: 32 (33) God:    Vehumet [******]
Gold:   5987       SH: 33    Dex: 15      Spells: 9/64 levels left

rFire   + + +        K - +10 broad axe "Qyquwel" {heavy, rF++}
rCold   + + .        L - +8 tower shield
rNeg    . . .        g - +3 leather armour {rC+ rF+}
rPois   +            B - +2 helmet {Int+3}
rElec   +            T - +4 dragonskin cloak
rCorr   +            N - +2 pair of gloves {Str+3}
SInv    +            o - +2 barding of Xaegara {rElec}
Will    +++..        h - amulet of reflection
Stlth   +++          Z - ring of Morality {rC+ rCorr AC+4 Str+2}
HPRegen 0.67/turn    f - +6 ring of intelligence
MPRegen 0.30/turn

%: random rage (3%), reflection
@: hasted (expiring), studying Invocations, unable to drink, quick
A: AC +9, large, see invisible, deformed body, poison resistance, slowness 2,
spit poison 1, naga tail 2, agile 1, berserk 1, dopey 1, inability to drink
after injury 1
0: Orb of Zot
}: 3/15 runes: decaying, silver, gossamer
a: Spit Poison, Renounce Religion


You were on level 1 of the Realm of Zot.
You worshipped Vehumet.
Vehumet was exalted by your worship.
You visited 10 branches of the dungeon, and saw 52 of its levels.
You also visited: Sewer, Bailey and Ice Cave.

You collected 8403 gold pieces.
You spent 2416 gold pieces at shops.

Inventory:

Hand Weapons
 r - a +2 dagger of electrocution
 v - the +0 scimitar "Vadumnih" {elec, rCorr}
   (You took it off a deep elf knight on level 1 of the Elven Halls)

   rCorr:     It protects you from acid and corrosion.
 K - the +10 broad axe "Qyquwel" (weapon) {heavy, rF++}
   (You took it off an ironbound convoker on level 5 of the Vaults)

   rF:        It greatly protects you from fire.
Armour
 g - a +3 leather armour of resistance (worn)
 o - the +2 barding of Xaegara (worn) {rElec}
   (You acquired it on level 4 of the Lair of Beasts)

   rElec:     It insulates you from electricity.
 B - a +2 helmet of intelligence (worn)
 I - a +1 cloak
 L - a +8 tower shield (worn)
 N - a +2 pair of gloves of strength (worn)
 T - the +4 dragonskin cloak (worn)
   (You took it off Tiamat on level 3 of the Realm of Zot)

   Avatar's Aegis: It grants the wearer a chance to resist fire, cold, poison,
   electricity, acid, and negative energy.
Jewellery
 d - a ring of protection from cold
 f - a +6 ring of intelligence (right hand)
 h - an amulet of reflection (around neck)
 p - a ring of positive energy
 x - the ring "Poaresaj" {rPois Will+}
   (You found it on level 4 of the Depths)

   [ring of poison resistance]

   rPois:     It protects you from poison.
   Will:      It increases your willpower.
 y - a ring of wizardry
 E - the macabre finger necklace {Finger+ rN+}
   (You took it off a vault guard on level 5 of the Vaults)

   [amulet of nothing]

   Finger+:   It enables you to equip an extra ring.
   rN:        It protects you from negative energy.
 F - the ring "Hariofe" {rF+ MP+9 Int+5 Stlth+}
   (You took it off a vault warden on level 5 of the Vaults)

   [ring of magical power]

   Int:       It affects your intelligence (+5).
   rF:        It protects you from fire.
   MP:        It affects your magic capacity (+9).
   Stlth:     It makes you more stealthy.
 G - an amulet of regeneration
 Q - a ring of protection from cold
 S - an amulet of magic regeneration
 Z - the ring of Morality (left hand) {rC+ rCorr AC+4 Str+2}
   (You found it on level 1 of the Elven Halls)

   [ring of protection]

   AC:        It affects your AC (+4).
   Str:       It affects your strength (+2).
   rC:        It protects you from cold.
   rCorr:     It protects you from acid and corrosion.
Wands
 k - a wand of polymorph (4)
 P - a wand of roots (17)
 X - a wand of light (6)
 Y - a wand of digging (14)
Scrolls
 a - 13 scrolls of fear
 c - 10 scrolls of vulnerability
 q - 6 scrolls of silence
 t - a scroll of brand weapon
 H - 12 scrolls of immolation
 J - 6 scrolls of amnesia
 O - a scroll of poison
Potions
 b - 2 potions of magic
 e - 2 potions of resistance
 i - 17 potions of flight
 j - 9 potions of ambrosia
 l - 5 potions of curing
 m - 10 potions of brilliance
 n - 3 potions of cancellation
 u - 3 potions of haste
 C - 8 potions of might
 M - 2 potions of invisibility
 W - 2 potions of berserk rage


   Skills:
 - Level 23.7 Fighting
 * Level 9.6 Axes
 - Level 8.2 Armour
 - Level 1.5 Dodging
 - Level 26.4 Stealth
 - Level 17.2 Shields
 - Level 19.2 Spellcasting
 - Level 18.7 Conjurations
 - Level 8.0 Summonings
 - Level 7.3 Necromancy
 - Level 3.0 Translocations
 - Level 12.0 Ice Magic
 - Level 4.0 Air Magic
 - Level 14.3 Earth Magic
 - Level 10.7 Poison Magic


You had 9 spell levels left.
You knew the following spells:

 Your Spells              Type           Power      Damage    Failure   Level
a - Iron Shot             Conj/Erth      47%        9d9       1%          6
b - Lehudib's Crystal Sp  Conj/Erth      47%        10d11     7%          8
c - Spellforged Servitor  Conj/Summ      43%        N/A       3%          7
d - Freezing Cloud        Conj/Ice/Air   40%        6-21      1%          5
e - Sublimation of Blood  Necr           67%        N/A       1%          2
f - Blink                 Tloc           98%        N/A       1%          2
g - Lee's Rapid Deconstr  Erth           44%        3d21*     1%          5
h - Poisonous Vapours     Pois/Air       100%       N/A       1%          2
i - Summon Ice Beast      Ice/Summ       76%        N/A       1%          4
j - Frozen Ramparts       Ice            100%       1d16      1%          3
k - Orb of Destruction    Conj           50%        9d13      1%          7
l - Olgreb's Toxic Radia  Pois           78%        N/A       1%          4

Your spell library contained the following spells:

 Spells                   Type           Power      Damage    Failure   Level
 Polar Vortex             Ice            41%        N/A       99%         9
 Kiss of Death            Conj/Necr      100%       2d13      0%          1
 Sandblast                Erth           100%       2d20      0%          1
 Hailstorm                Conj/Ice       92%        3d18      0%          3
 Stone Arrow              Conj/Erth      100%       3d13      0%          3
 Freeze                   Ice            100%       1d10      1%          1
 Necrotise                Necr           100%       1d9       1%          1
 Shock                    Conj/Air       100%       1d9       1%          1
 Cigotuvi's Dreadful Rot  Necr/Pois/Air  100%       N/A       1%          2
 Ensorcelled Hibernation  Hex/Ice        100%       N/A       1%          2
 Lesser Beckoning         Tloc           98%        N/A       1%          2
 Momentum Strike          Conj/Tloc      100%       3d10      1%          2
 Passwall                 Tmut/Erth      55%        N/A       1%          2
 Dazzling Flash           Conj/Hex       100%       N/A       1%          3
 Ignite Poison            Fire/Tmut/Pois 52%        N/A       1%          3
 Ozocubu's Armour         Ice            82%        N/A       1%          3
 Vampiric Draining        Necr           67%        2d10      1%          3
 Volatile Blastmotes      Fire/Tloc      80%        2d16      1%          3
 Airstrike                Air            27%        2d(4-20)  1%          4
 Animate Armour           Summ/Erth      100%       N/A       1%          4
 Animate Dead             Necr           67%        N/A       1%          4
 Dispel Undead            Necr           67%        3d23      1%          4
 Flame Wave               Conj/Fire      74%        2d16      1%          4
 Fulminant Prism          Conj/Hex       37%        3d17      1%          4
 Iskenderun's Mystic Bla  Conj/Tloc      79%        2d16      1%          4
 Leda's Liquefaction      Hex/Erth       33%        N/A       1%          4
 Sticky Flame             Conj/Fire      74%        2d9       1%          4
 Arcjolt                  Conj/Air       40%        1d50      1%          5
 Fireball                 Conj/Fire      37%        3d15      1%          5
 Irradiate                Conj/Tmut      37%        3d24      1%          5
 Conjure Ball Lightning   Conj/Air       40%        3x3d13    1%          6
 Summon Guardian Golem    Hex/Summ       54%        N/A       2%          3
 Swiftness                Air            54%        N/A       2%          3
 Vhi's Electric Charge    Tloc/Air       100%       N/A       2%          3
 Gell's Gravitas          Tloc           49%        N/A       3%          3
 Teleport Other           Tloc           49%        N/A       3%          3
 Ice Form                 Ice/Tmut       62%        N/A       3%          4
 Starburst                Conj/Fire      37%        6d11      3%          6
 Agony                    Necr           67%        N/A       4%          5
 Wereblood                Tmut           30%        N/A       5%          2
 Portal Projectile        Hex/Tloc       80%        N/A       6%          3
 Anguish                  Hex/Necr       26%        N/A       9%          4
 Confusing Touch          Hex            30%        N/A       11%         3
 Tukima's Dance           Hex            30%        N/A       11%         3
 Manifold Assault         Tloc           49%        N/A       11%         4
 Passage of Golubria      Tloc           49%        N/A       11%         4
 Summon Forest            Summ/Tloc      30%        N/A       11%         5
 Simulacrum               Ice/Necr       37%        N/A       11%         6
 Eringya's Noxious Bog    Tmut/Pois      30%        N/A       17%         6
 Yara's Violent Unravell  Hex/Tmut       15%        3d8       26%         5
 Death Channel            Necr           33%        N/A       26%         6
 Statue Form              Tmut/Erth      44%        N/A       30%         6
 Cause Fear               Hex            15%        N/A       36%         4
 Plasma Beam              Fire/Air       21%        2x1d36    50%         6
 Blade Hands              Tmut           15%        N/A       71%         5
 Summon Hydra             Summ           34%        N/A       75%         7
 Haunt                    Necr/Summ      34%        N/A       80%         7
 Shatter                  Erth           44%        3d34*     92%         9
 Dragon Form              Tmut           15%        N/A       100%        7
 Enfeeble                 Hex            15%        N/A       100%        7
 Storm Form               Tmut/Air       21%        N/A       100%        7
 Discord                  Hex            15%        N/A       100%        8
 Disjunction              Tloc           24%        N/A       100%        8
 Ignition                 Fire           15%        3d6       100%        8
 Chain Lightning          Conj/Air       40%        3d53      100%        9
 Dragon's Call            Summ           34%        N/A       100%        9
 Fire Storm               Conj/Fire      37%        8d9       100%        9


Dungeon Overview and Level Annotations

Branches:
Dungeon (15/15)            Temple (0/1) D:7            Lair (5/5) D:9
  Swamp (4/4) Lair:2       Spider (4/4) Lair:2        Slime (5/5) Lair:4
    Orc (2/2) D:11            Elf (3/3) Orc:2        Vaults (5/5) D:13
  Crypt (0/3) Vaults:3     Depths (4/4) D:15            Zot (5/5) Depths:4
  Sewer (visited)          Bailey (visited)           IceCv (visited)

Altars:
Ashenzari
Cheibriados
Dithmenos
Hepliaklqana
Kikubaaqudgha
Makhleb
Qazlal
Ru
Uskayaw
Vehumet
Yredelemnul
The Shining One
Jiyva

Shops:
D:5 *   D:6 !   D:8 !   Orc:2 ?([*=   Elf:1 ::=   Elf:3 [   Vaults:2 **[
Vaults:3 !   Vaults:5 !

Portals:
Hell: Depths:1 Depths:2 Depths:3 Depths:4
Abyss: Depths:3 Depths:4
Pandemonium: Depths:2 Depths:3
Ziggurat: Depths:4

Annotations:
D:5 Prince Ribbit
D:6 exclusion: ice beast
D:7 exclusion: oklob plant
D:12 3 runed translucent doors, Dihu's ghost, journeyman DEEE; Rubaxy's ghost, journeyman HOMo; chujev's ghost, journeyman GrMo
D:13 exclusion: downstairs, Snorg
Lair:5 1 runed translucent door
Slime:5 Royal Jelly
Elf:2 5 runed translucent doors
Elf:3 exclusions: deep elf master archer and 2 more exclusions
Vaults:4 2 transporters, exclusion: orange crystal statue, AgonHex's ghost, veteran HOFi; Yloucecuu's ghost, veteran SpEn; jlumianski's ghost, veteran KoBe
Depths:3 3 runed translucent doors
Depths:4 6 runed translucent doors
Zot:2 36 runed doors
Zot:5 2 transporters, Persimmon's ghost, legendary DECj


Innate Abilities, Weirdness & Mutations

Your serpentine skin is tough. (AC +9)
You have supernaturally acute eyesight. (SInv)
Armour fits poorly on your strangely shaped body.
Your system is resistant to poisons. (rPois)
You cover ground very slowly.
You can spit poison.
You can use your snake-like lower body to constrict enemies.
You are agile. (Dex +4, Str/Int -1)
You sometimes lose your temper in combat.
You are dopey. (Int -2)
You occasionally lose the ability to drink potions when taking damage.


Message History

You feel your power returning.
You hit the chaos spawn but do no damage.
You slice the ice devil!!
You hit the Brimstone Fiend but do no damage.
You constrict the Brimstone Fiend, but do no damage.
The ice devil hits you but does no damage.
You block the chaos spawn's attack.
The Brimstone Fiend calls on the powers of darkness!
Your body is wracked with pain!
* * * LOW HITPOINT WARNING * * *
Your life force feels restored.
Unknown command.
Unknown command.
Unknown command.
You hit the Brimstone Fiend.
The Brimstone Fiend is lightly wounded.
You slash the chaos spawn! You slice the ice devil!!
You constrict the Brimstone Fiend! You block the ice devil's attack.
The chaos spawn gores you but does no damage.
The Brimstone Fiend hits you but does no damage.
The Brimstone Fiend closely misses you. You block the Brimstone Fiend's attack.
Unknown command.
You cannot drink potions in your current state!
You slice the Brimstone Fiend!!
The Brimstone Fiend is moderately wounded.
You slice the chaos spawn like a ripe choko!!!
You kill the chaos spawn!
Vehumet accepts your kill.
You feel your power returning.
The chaos spawn degenerates into a cloud of primal chaos!
You slash the ice devil!
You kill the ice devil!
Vehumet accepts your kill.
You feel your power returning.
You miss Fataefyck. You constrict the Brimstone Fiend! Fataefyck hits you!
* * * LOW HITPOINT WARNING * * *
You block the Brimstone Fiend's attack.
The Brimstone Fiend hits you but does no damage.
The Brimstone Fiend hits you!
You die...

#.# #.# #.# ##.#
###..# #...## #.#####
#.#§§§### #.§1@&§.##
#.#§§§§..##
#...§§§...##
##.#........##
#..####......##
#.#######..&..#######
#.#..........1.##.⌠.##
#.'............#.....#
#.#...⌠..⌠.>.⌠.'19>.⌠#


You could see Fataefyck and a Brimstone Fiend.

Vanquished Creatures
  Tiamat (Zot:3)
  3 ancient liches
  4 orbs of fire
  2 dread liches
  A juggernaut (Depths:4)
  3 Killer Klowns (Zot:5)
  Vv (Zot:3)
  Saint Roka (Elf:3)
  Parghit (Depths:3)
  2 curse toes
  3 caustic shrikes (Depths:2)
  7 golden dragons
  A bone dragon (Depths:4)
  A Tzitzimitl (Zot:1)
  4 electric golems
  2 hellephants (Depths:4)
  A Hell Sentinel (Zot:4)
  22 tentacled monstrosities
  An Ice Fiend (Zot:3)
  2 liches
  4 titans (Vaults:5)
  2 deep elf master archers (Elf:3)
  A walking crystal tome (Depths:3)
  13 Orb Guardians
  2 deep elf blademasters
  7 quicksilver dragons
  2 sphinxes
  8 acid blobs
  4 death cobs
  9 storm dragons
  Gastronok (D:8)
  6 tengu reavers
  A thorn hunter (Swamp:4)
  14 shadow dragons
  3 rockslimes
  5 draconian knights
  4 fire giants
  14 draconian monks
  2 deep elf sorcerers (Elf:3)
  4 azure jellies
  16 vault wardens
  10 frost giants
  3 iron dragons
  4 draconian scorchers
  3 ghost moths (Spider:4)
  5 deep elf elementalists
  4 emperor scorpions (Spider:4)
  4 draconian stormcallers
  2 orc warlords
  A reaper (Depths:2)
  2 draconian shifters
  2 spriggan defenders
  4 broodmothers
  4 war gargoyles
  6 draconian annihilators
  A quicksilver ooze (Slime:5)
  12 stone giants
  12 ironbound preservers
  13 very ugly things
  A vampire knight (Depths:4)
  9 deep elf demonologists
  4 ironbound thunderhulks
  A juggernaut skeleton (Depths:1)
  An eleionoma (Swamp:3)
  Nessos (D:14)
  7 white draconians
  Azrael (D:15)
  12 red draconians
  12 green draconians
  7 black draconians
  4 bunyips
  2 dire elephants
  9 deep elf annihilators
  11 purple draconians
  8 yellow draconians
  A blizzard demon (Zot:4)
  7 deep elf death magi
  3 spark wasps
  9 ettins
  A shambling mangrove (Swamp:3)
  4 deep elf high priests
  8 yaktaur captains
  Harold (D:9)
  5 entropy weavers
  Josephine (D:11)
  5 great orbs of eyes
  16 fire dragons
  9 ice dragons
  11 vault guards
  Erolcha (D:9)
  An ogre mage (Vaults:5)
  A rakshasa (D:14)
  A radroach (Spider:4)
  7 hydras
  3 jorogumos
  4 spriggan air magi
  2 peacekeepers
  6 centaur warriors
  10 ironbound frosthearts
  A two-headed ogre (D:9)
  11 boulder beetles
  A ghost crab (Swamp:3)
  24 dancing weapons
  6 death yaks
  Erica (Lair:2)
  2 deep troll shamans
  3 catoblepae
  6 alligators
  2 orc high priests (Orc:2)
  5 tengu warriors
  7 deep troll earth magi
  2 spriggan berserkers
  Urug (D:11)
  3 vampire magi
  9 hell hogs (Depths:4)
  6 spriggans
  Nergalle (D:12)
  A sun demon (Depths:3)
  13 hell knights
  4 iron trolls
  A fire crab (shapeshifter) (Depths:4)
  4 nameless horrors
  9 deep elf knights
  4 goliath frogs
  An obsidian statue (Zot:5)
  A sun moth (Spider:4)
  19 deep trolls
  10 orb spiders
  4 spriggan druids
  9 pharaoh ants
  4 glowing orange brains
  A bog body (Swamp:4)
  16 deep elf archers
  10 ironbound convokers
  5 swamp dragons
  A phantasmal warrior (Vaults:5)
  3 wizards
  27 deep elf pyromancers
  16 deep elf zephyrmancers
  3 necromancers
  14 lindwurms
  13 orc knights
  25 wolf spiders
  6 steelbarb worms
  An oklob plant (Orc:2)
  42 ugly things
  5 elephants (Lair:5)
  10 orc sorcerers
  3 shining eyes
  2 cyclopes
  4 will-o-the-wisps
  Maurice (Orc:2)
  16 moths of wrath
  4 manticores
  10 vault sentinels
  2 guardian serpents (shapeshifter)
  10 black mambas
  5 demonic crawlers
  3 eyes of devastation
  Joseph (D:9)
  10 cane toads
  An eye of devastation (shapeshifter) (Vaults:5)
  A smoke demon (Zot:3)
  A hellion (Zot:4)
  2 gargoyles (D:13)
  5 torpor snails
  6 komodo dragons
  20 yaktaurs
  3 kobold demonologists
  3 tengu conjurers
  16 rime drakes
  A tormentor (Zot:5)
  19 hornets
  2 ice devils
  15 polar bears
  6 meliai
  7 tyrant leeches
  25 tarantellas
  2 trolls
  13 blink frogs
  28 jumping spiders
  62 slime creatures
  2 air elementals
  8 culicivoras
  10 wyverns
  5 wraiths
  A shadow (D:10)
  2 water elementals
  18 yaks
  6 basilisks
  10 fire elementals
  4 golden eyes
  46 redbacks
  A steam dragon (D:9)
  A chaos spawn (Zot:1)
  11 swamp worms
  Menkaure (D:7)
  6 wargs
  A harpy simulacrum (D:15)
  13 vampire mosquitoes
  2 acid dragons
  23 water moccasins
  A floating eye (Slime:3)
  4 hell hounds
  6 swamp drakes
  34 orc warriors
  A sky beast (D:6)
  2 black bears (Lair:2)
  An ice beast (D:8)
  11 wolves
  An ogre (shapeshifter) (Depths:4)
  An ettin simulacrum (Depths:1)
  10 centaurs
  9 ogres
  2 phantoms
  A kobold brigand (D:8)
  5 scorpions
  8 bullfrogs
  A gnoll sergeant (D:6)
  4 earth elementals
  8 howler monkeys
  3 electric eels
  8 crimson imps (D:8)
  2 hounds
  6 jellies
  30 orc priests
  Crazy Yiuf (D:3)
  A gnoll bouda (D:6)
  2 iguanas
  2 sleepcaps (D:4)
  30 orc wizards
  Robin (D:3)
  9 gnolls (D:6)
  20 adders
  4 shadow imps
  2 white imps
  4 worms (Lair:2)
  2 dart slugs
  81 orcs
  19 endoplasms
  12 giant cockroaches
  16 goblins
  14 hobgoblins
  3 jackals
  12 quokkas
  19 ball pythons
  A bat (D:1)
  14 frilled lizards
  18 kobolds
  2 rats
1785 creatures vanquished.

Vanquished Creatures (collateral kills)
  2 dread liches
  3 orbs of fire (Zot:5)
  A pandemonium lord (Zot:2)
  Margery (Depths:4)
  A curse toe (Zot:2)
  A Killer Klown (Zot:5)
  Xtahua (Depths:3)
  2 caustic shrikes
  6 golden dragons
  Nikola (Vaults:1)
  A bone dragon (Depths:4)
  4 tentacled monstrosities
  14 Orb Guardians
  2 liches (Vaults:5)
  6 acid blobs
  3 quicksilver dragons
  A sphinx (Vaults:4)
  4 death cobs
  3 titans
  2 tengu reavers (Vaults:5)
  8 draconian monks
  5 shadow dragons
  A fenstrider witch (Swamp:4)
  3 draconian knights
  2 rockslimes (Slime:3)
  3 storm dragons
  6 draconian scorchers
  A frost giant (Depths:2)
  4 fire giants
  A deep elf sorcerer (Vaults:5)
  A draconian shifter (Zot:4)
  9 vault wardens
  2 iron dragons (Vaults:5)
  2 quicksilver oozes
  4 draconian stormcallers
  5 ironbound preservers
  2 orc warlords
  3 spriggan defenders
  A draconian annihilator (Zot:4)
  A reaper (Depths:2)
  A war gargoyle (Vaults:5)
  7 very ugly things
  An ironbound thunderhulk (Vaults:2)
  4 stone giants
  9 black draconians
  A vampire knight (Depths:3)
  4 purple draconians
  11 green draconians
  4 white draconians
  6 yellow draconians
  2 deep elf annihilators
  3 deep elf demonologists (Vaults:5)
  A bunyip (Swamp:3)
  3 dire elephants (Vaults:3)
  9 red draconians
  A crystal guardian (Vaults:3)
  2 ettins (Vaults:5)
  A blizzard demon (Depths:3)
  A deep elf death mage (Vaults:1)
  4 fire dragons
  2 deep elf high priests (Vaults:5)
  An entropy weaver (Vaults:1)
  19 vault guards
  5 yaktaur captains
  3 great orbs of eyes
  11 hydras
  7 ice dragons
  2 ogre magi (Vaults:5)
  2 spriggan air magi
  2 centaur warriors
  4 ironbound frosthearts
  A deep troll shaman (Depths:3)
  3 tengu warriors
  3 dancing weapons (Zot:4)
  2 alligators
  A two-headed ogre (D:11)
  2 death yaks
  A deep troll earth mage (Vaults:5)
  3 orc high priests
  A hell hog (Depths:4)
  A vampire mage (Depths:3)
  A spriggan berserker (Depths:3)
  7 spriggans
  A sun demon (Depths:3)
  8 hell knights
  2 glowing orange brains
  2 goliath frogs
  A skyshark (shapeshifter) (Vaults:3)
  6 swamp dragons
  2 bog bodies
  19 deep trolls
  3 iron trolls
  5 orc knights
  5 harpies (Vaults:5)
  A lindwurm (Vaults:1)
  3 wizards
  A deep elf archer (Vaults:3)
  3 ironbound convokers
  A steelbarb worm (Spider:1)
  3 necromancers
  A deep elf zephyrmancer (Vaults:5)
  2 phantasmal warriors (Vaults:5)
  3 shining eyes
  A will-o-the-wisp (Swamp:4)
  A wolf spider (Spider:1)
  A cyclops (D:13)
  5 moths of wrath
  An elephant (Lair:5)
  9 ugly things
  4 vault sentinels
  An eye of devastation (Slime:4)
  62 slime creatures
  An elephant (shapeshifter) (Vaults:5)
  2 torpor snails
  2 black mambas
  A gargoyle (D:13)
  4 cane toads
  A komodo dragon (Lair:3)
  2 rime drakes (IceCv)
  9 yaktaurs
  A tengu conjurer (Depths:2)
  A polar bear (IceCv)
  A troll (D:9)
  A bloated husk (Swamp:1)
  2 hellwings (Zot:3)
  3 tyrant leeches
  A tarantella (Spider:1)
  A blink frog (Lair:5)
  6 hornets
  A culicivora (Spider:1)
  A spriggan (shapeshifter) (Vaults:5)
  A wraith (D:11)
  A wyvern (Lair:3)
  A human (shapeshifter) (Vaults:1)
  6 golden eyes
  6 vampire mosquitoes
  2 swamp worms
  A warg (Orc:1)
  2 floating eyes
  A glowing shapeshifter skeleton (Depths:1)
  A water moccasin (Lair:5)
  2 hell hounds (Zot:4)
  5 swamp drakes
  2 orc warriors (Orc:2)
  A centaur (D:13)
  3 jellies (Lair:4)
  An orc priest (Orc:1)
  An iron imp (Zot:1)
  An orc (Orc:2)
518 creatures vanquished.

Vanquished Creatures (others)
  A draconian knight (Zot:4)
  A deep elf demonologist (Elf:3)
  A black draconian (Zot:4)
  2 wizards
  A deep elf zephyrmancer (Elf:1)
  A jumping spider (Spider:1)
  An air elemental (Elf:3)
  A nameless horror (Vaults:1)
  10 foxfires
19 creatures vanquished.

Grand Total: 2322 creatures vanquished

Notes
Turn   | Place    | Note
-------+----------+-------------------------------------------
     0 | D:1      | Haddock123 the Naga Ice Elementalist began the quest for
                  | the Orb.
     0 | D:1      | Reached XP level 1. HP: 15/15 MP: 3/3
   249 | D:1      | Reached XP level 2. HP: 21/22 MP: 3/5
   625 | D:1      | Reached XP level 3. HP: 28/28 MP: 6/6
   795 | D:1      | Found a faded altar of an unknown god.
  1113 | D:2      | Reached skill level 5 in Ice Magic
  1376 | D:3      | Found a runed translucent door.
  1377 | D:3      | Noticed Crazy Yiuf
  1436 | D:3      | Found a radiant altar of Vehumet.
  1463 | D:3      | Became a worshipper of Vehumet
  1491 | D:3      | Reached XP level 4. HP: 32/36 MP: 4/7
  1565 | D:3      | Noticed Robin
  1583 | D:3      | Killed Robin
  2223 | D:3      | Killed Crazy Yiuf
  2224 | D:3      | Reached skill level 4 in Stealth
  2224 | D:3      | Reached XP level 5. HP: 42/42 MP: 3/9
  2459 | D:4      | Learned a level 3 spell: Frozen Ramparts
  2464 | D:4      | Learned a level 4 spell: Summon Ice Beast
  2710 | D:4      | Reached * piety under Vehumet
  2710 | D:4      | Offered knowledge of Shock by Vehumet.
  2814 | D:4      | Reached XP level 6. HP: 50/50 MP: 10/10
  2868 | D:4      | Reached skill level 1 in Fighting
  2953 | D:4      | Reached skill level 5 in Stealth
  3688 | D:5      | Entered Level 5 of the Dungeon
  3701 | D:5      | Reached XP level 7. HP: 58/58 MP: 8/12
  3786 | D:5      | Identified the +6 dagger of Tuneis {flame, Str+2}
  3788 | D:5      | Noticed Prince Ribbit
  3955 | D:5      | Reached skill level 6 in Stealth
  4025 | D:5      | Found a shadowy altar of Dithmenos.
  4120 | D:5      | Found a glowing drain.
  4155 | Sewer    | Entered a sewer
  4166 | Sewer    | Reached XP level 8. HP: 68/68 MP: 7/14
  4174 | Sewer    | Offered knowledge of Foxfire by Vehumet.
  4267 | Sewer    | Reached ** piety under Vehumet
  4579 | Sewer    | Offered knowledge of Hailstorm by Vehumet.
  4761 | D:5      | Found Iqumn's Serpentskin Sales.
  4763 | D:5      | Reached skill level 1 in Summonings
  4770 | D:5      | Reached skill level 7 in Stealth
  4796 | D:5      | Bought the Handbook of Putrescence for 242 gold pieces
  4799 | D:5      | Learned a level 2 spell: Poisonous Vapours
  4960 | D:5      | Found a hazy altar of Hepliaklqana.
  5089 | D:6      | Found a snail-covered altar of Cheibriados.
  5099 | D:6      | Reached skill level 1 in Poison Magic
  5167 | D:6      | Found a stormy altar of Qazlal.
  5383 | D:6      | Found Riaryo's Distillery.
  5428 | D:6      | Reached *** piety under Vehumet
  5936 | D:7      | Reached skill level 8 in Stealth
  5936 | D:7      | Reached XP level 9. HP: 76/76 MP: 12/16
  5946 | D:7      | Reached skill level 5 in Spellcasting
  5954 | D:7      | Learned a level 4 spell: Olgreb's Toxic Radiance
  6177 | D:7      | Found a staircase to the Ecumenical Temple.
  6339 | D:7      | Noticed Menkaure
  6346 | D:7      | Killed Menkaure
  6488 | D:7      | Noticed an oklob plant
  6493 | D:7      | Offered knowledge of Dazzling Flash by Vehumet.
  6503 | D:7      | Reached skill level 5 in Poison Magic
  6979 | D:8      | Found Cufaow's Distillery.
  7015 | D:8      | Found a flagged portal.
  7037 | Bailey   | Entered a bailey
  7044 | Bailey   | Noticed an orc warlord
  7084 | Bailey   | Reached skill level 9 in Stealth
  7168 | Bailey   | Found a runed translucent gate.
  7170 | Bailey   | Found a runed translucent gate.
  7173 | Bailey   | Found a runed translucent gate.
  7314 | Bailey   | Reached **** piety under Vehumet
  7387 | Bailey   | Killed an orc warlord
  7388 | Bailey   | Reached skill level 10 in Stealth
  7388 | Bailey   | Reached XP level 10. HP: 36/84 MP: 5/19
  7586 | Bailey   | Reached skill level 5 in Fighting
  7586 | Bailey   | Reached skill level 11 in Stealth
  7586 | Bailey   | Reached skill level 10 in Poison Magic
  7586 | Bailey   | Reached XP level 11. HP: 96/96 MP: 15/21
  7726 | D:8      | Offered knowledge of Volatile Blastmotes by Vehumet.
  8257 | D:8      | Reached skill level 12 in Stealth
  8262 | D:8      | Noticed Gastronok
  8279 | D:8      | Killed Gastronok
  8280 | D:8      | Reached skill level 10 in Ice Magic
  8950 | D:9      | Noticed Erolcha
  8970 | D:9      | Killed Erolcha
  9250 | D:9      | Found a staircase to the Lair.
  9315 | D:9      | You fall into a shaft and drop 1 floor!
  9315 | D:10     | Entered Level 10 of the Dungeon
  9664 | D:10     | Reached skill level 13 in Stealth
  9915 | D:10     | Learned a level 2 spell: Blink
 10253 | D:10     | Identified the +1 leather armour "Menots" {+Inv rN+ Regen+
                  | SInv}
 10367 | D:11     | Found a staircase to the Orcish Mines.
 10420 | D:11     | Noticed a manticore
 10427 | D:11     | Killed a manticore
 10560 | D:11     | Found a hide-covered altar of Uskayaw.
 10629 | D:11     | Noticed Josephine
 10639 | D:11     | Killed Josephine
 10640 | D:11     | Reached skill level 1 in Translocations
 10683 | D:11     | Reached XP level 12. HP: 56/109 MP: 24/24
 10968 | D:11     | Noticed Urug
 10976 | D:11     | Killed Urug
 11324 | D:11     | Noticed a two-headed ogre
 11344 | D:11     | Killed a two-headed ogre
 12135 | D:12     | Found a runed translucent gate.
 12135 | D:12     | Found a runed translucent gate.
 12135 | D:12     | Found a runed translucent gate.
 12425 | D:12     | Noticed chujev's ghost (journeyman GrMo)
 12425 | D:12     | Noticed Rubaxy's ghost (journeyman HOMo)
 12425 | D:12     | Noticed Dihu's ghost (journeyman DEEE)
 12500 | D:12     | Reached skill level 14 in Stealth
 12640 | D:12     | Noticed a centaur warrior
 12649 | D:12     | Noticed Nergalle
 12985 | D:9      | Noticed a two-headed ogre
 12990 | D:9      | Noticed Joseph
 12995 | D:9      | Killed a two-headed ogre
 13002 | D:9      | Killed Joseph
 13186 | D:9      | Noticed Harold
 13198 | D:9      | Killed Harold
 13576 | D:9      | Found a broken altar of Ashenzari.
 13576 | D:9      | Found a glowing golden altar of the Shining One.
 13577 | D:9      | Found a sacrificial altar of Ru.
 13731 | Lair:1   | Entered Level 1 of the Lair of Beasts
 13881 | Lair:1   | Reached ***** piety under Vehumet
 13883 | Lair:1   | Offered knowledge of Sticky Flame by Vehumet.
 14641 | Lair:2   | Found a staircase to the Swamp.
 14669 | Lair:2   | Noticed Erica
 14763 | Lair:2   | Noticed a five-headed hydra
 14777 | Lair:2   | Killed a five-headed hydra
 14778 | Lair:2   | Gained mutation: You can use your snake-like lower body to
                  | constrict enemies. [Naga growth]
 14778 | Lair:2   | Reached XP level 13. HP: 120/120 MP: 16/26
 14827 | Lair:2   | Killed Erica
 14828 | Lair:2   | Reached skill level 15 in Stealth
 14961 | Lair:2   | Found a hole to the Spider Nest.
 15325 | Lair:2   | Identified the +0 ring mail of Lilacs {rF+ rN+}
 16067 | Lair:3   | Reached skill level 1 in Shields
 16167 | Lair:3   | Reached skill level 10 in Spellcasting
 16996 | Lair:3   | Found the +8 whip "Snakebite" {venom, curare, rPois}
 17557 | Lair:3   | Reached skill level 16 in Stealth
 17559 | Lair:3   | Reached skill level 10 in Fighting
 17945 | Spider:1 | Entered Level 1 of the Spider Nest
 17946 | Spider:1 | Noticed a broodmother
 18167 | D:12     | Killed Nergalle
 18447 | D:13     | Reached XP level 14. HP: 112/132 MP: 22/28
 18540 | D:13     | Reached skill level 5 in Shields
 18546 | D:13     | Found a gate to the Vaults.
 19145 | D:13     | Identified the +2 ring mail of the Onion {rElec Dex+3}
 19401 | D:13     | Offered knowledge of Lee's Rapid Deconstruction by Vehumet.
 19408 | D:13     | Learned a level 5 spell: Lee's Rapid Deconstruction
 19570 | D:13     | Identified the amulet "Emmyur" {Reflect rElec Str+2 Int-5
                  | SH+5}
 20080 | Orc:1    | Entered Level 1 of the Orcish Mines
 20433 | Orc:1    | Reached skill level 17 in Stealth
 20814 | Lair:4   | Found a staircase to the Slime Pits.
 21646 | Lair:4   | Identified a scroll of acquirement
 21793 | Lair:4   | Acquired the +2 barding of Xaegara {rElec}
 21824 | Lair:5   | Entered Level 5 of the Lair of Beasts
 22310 | Lair:5   | Reached XP level 15. HP: 93/142 MP: 9/30
 22362 | Lair:5   | Offered knowledge of Iskenderun's Battlesphere by Vehumet.
 22874 | Lair:5   | Found a runed translucent door.
 22912 | Lair:5   | Reached skill level 18 in Stealth
 24213 | D:8      | Upgraded the game from 0.30.1-4-g462c640d31 to
                  | 0.30.1-5-ged363bc7ee
 24510 | Orc:1    | Found Uwalei's Jewellery Shoppe.
 24920 | Orc:2    | Entered Level 2 of the Orcish Mines
 24979 | Orc:2    | Found Ydatu's Magic Scroll Emporium.
 24997 | Orc:2    | Bought a scroll of identify for 32 gold pieces
 24997 | Orc:2    | Bought a scroll of identify for 32 gold pieces
 24997 | Orc:2    | Bought a scroll of identify for 32 gold pieces
 25208 | Orc:2    | Noticed Maurice
 25217 | Orc:2    | Killed Maurice
 25244 | Orc:2    | Found a staircase to the Elven Halls.
 25354 | Orc:2    | Offered knowledge of Irradiate by Vehumet.
 25678 | Orc:2    | Noticed an orc warlord
 26044 | Orc:2    | Killed an orc warlord
 26045 | Orc:2    | Reached skill level 10 in Shields
 26158 | Orc:2    | Found Daenuq's General Store.
 26159 | Orc:2    | Found Utuf's Jewellery Emporium.
 26161 | Orc:2    | Found Onkijiod's Antique Armour Shoppe.
 26161 | Orc:2    | Found Yckacu's Antique Weapon Shoppe.
 26180 | Orc:2    | Bought a brightly glowing scale mail for 243 gold pieces
 26180 | Orc:2    | Identified the +2 scale mail of the Slug {Stlth+} (You
                  | bought it in a shop on level 2 of the Orcish Mines)
 26888 | D:14     | Offered knowledge of Iron Shot by Vehumet.
 26906 | D:14     | Noticed Snorg
 27180 | D:14     | Reached skill level 19 in Stealth
 27381 | D:14     | Noticed Nessos
 27390 | D:14     | Killed Nessos
 27391 | D:14     | Reached XP level 16. HP: 144/152 MP: 23/32
 27581 | D:14     | Learned a level 6 spell: Iron Shot
 28206 | D:15     | Entered Level 15 of the Dungeon
 28239 | D:15     | Reached skill level 1 in Earth Magic
 28482 | D:15     | Found a frozen archway.
 28491 | IceCv    | Entered an ice cave
 28826 | IceCv    | Reached skill level 1 in Conjurations
 29709 | IceCv    | Reached skill level 5 in Conjurations
 29709 | IceCv    | Reached XP level 17. HP: 106/162 MP: 33/33
 29897 | D:15     | Noticed Azrael
 29911 | D:15     | Killed Azrael
 30562 | D:15     | Found a staircase to the Depths.
 30900 | Depths:1 | Entered Level 1 of the Depths
 31353 | Spider:1 | Reached skill level 20 in Stealth
 31886 | Spider:1 | Reached XP level 18. HP: 166/171 MP: 28/34
 32551 | Spider:2 | Reached ****** piety under Vehumet
 33904 | Spider:3 | Offered knowledge of Freezing Cloud by Vehumet.
 34624 | Spider:3 | Learned a level 5 spell: Freezing Cloud
 35449 | Spider:4 | Entered Level 4 of the Spider Nest
 35661 | Spider:4 | Reached skill level 1 in Air Magic
 36622 | Spider:4 | Offered knowledge of Maxwell's Capacitive Coupling by
                  | Vehumet.
 36632 | Spider:4 | Reached skill level 21 in Stealth
 37591 | Spider:4 | Identified the +1 hat "Kyenosh" {Rampage}
 37609 | Spider:4 | Got a gossamer rune of Zot
 37633 | Spider:4 | Reached XP level 19. HP: 102/181 MP: 3/36
 38285 | Orc:2    | Bought a scroll of teleportation for 48 gold pieces
 38441 | Elf:1    | Entered Level 1 of the Elven Halls
 38455 | Elf:1    | Paralysed by an orc sorcerer for 2 turns
 39072 | Elf:1    | Got the Guide on Generation
 39109 | Elf:1    | You fall into a shaft and drop 1 floor!
 39358 | Elf:1    | Reached skill level 10 in Conjurations
 39672 | Elf:1    | Found Huhischaa's Jewellery Emporium.
 39672 | Elf:1    | Found Gofip's Book Shop.
 39674 | Elf:1    | Found Xoifan's Book Shop.
 39820 | Elf:1    | Identified the ring of Morality {rC+ rCorr AC+4 Str+2}
 40367 | Elf:1    | Identified the +0 scimitar "Vadumnih" {elec, rCorr}
 40727 | Elf:1    | HP: 3/167 [+1 halberd of venom (24)]
 41104 | Elf:1    | Identified the staff of earth "Guscheoh" {rC+ Int+2}
 41417 | Elf:1    | Learned a level 7 spell: Spellforged Servitor
 41459 | Elf:1    | Identified the staff of air "Osiapsoe" {rElec Str+3}
 41549 | Elf:2    | Reached skill level 10 in Earth Magic
 41630 | Elf:2    | Got the Essays on Indurated Transmogrification
 42539 | Elf:2    | Noticed a Hell Sentinel
 42740 | Elf:2    | Found a huge runed translucent gate.
 42740 | Elf:2    | Found a huge runed translucent gate.
 42750 | Elf:2    | Found a huge runed translucent gate.
 42751 | Elf:2    | Found a huge runed translucent gate.
 42752 | Elf:2    | Found a huge runed translucent gate.
 43041 | Elf:3    | Entered Level 3 of the Elven Halls
 43600 | Elf:3    | Paralysed by an air elemental for 1 turns
 43605 | Elf:3    | Reached skill level 5 in Summonings
 43622 | Elf:3    | Noticed an Ice Fiend
 43833 | Elf:3    | Noticed Saint Roka
 43843 | Elf:3    | Killed Saint Roka
 43995 | Elf:3    | Identified the +4 trident of Pride {elec, *Slow rF+ rC+
                  | rN+}
 44123 | Elf:3    | Reached skill level 22 in Stealth
 44245 | Elf:3    | Identified the +6 flail "Qoss" {freeze, rC++ rCorr Int-5}
 44252 | Elf:3    | Identified the amulet "Asimocs" {Faith +Blink rPois Int-4
                  | Dex+8}
 44455 | Elf:3    | Identified the staff of conjuration "Qast" {rC+ Int+4}
 44466 | Elf:3    | Identified the +1 flail of Sin {drain, rElec Will+++ Str-4
                  | Int-4}
 44471 | Elf:3    | Identified the +1 ring mail of the Harvest {rF+ Str+3
                  | Dex+2}
 45014 | Elf:3    | Reached XP level 20. HP: 171/172 MP: 32/38
 45068 | Elf:3    | Found Mutinips's Antique Armour Boutique.
 45073 | Elf:3    | Bought a tattered robe for 165 gold pieces
 45073 | Elf:3    | Identified the +1 robe "Othiddeg" {rF- Str+4} (You bought
                  | it in a shop on level 3 of the Elven Halls)
 45654 | Elf:3    | Offered knowledge of Fire Storm by Vehumet.
 45654 | Elf:3    | Offered knowledge of Chain Lightning by Vehumet.
 45654 | Elf:3    | Offered knowledge of Polar Vortex by Vehumet.
 46065 | Elf:3    | Identified the +6 long sword "Xuhe Ame" {flame, rElec}
 46709 | Elf:3    | Identified the +1 plate armour "Onup" {rC++}
 46787 | Elf:3    | Identified the staff of death "Obbyc" {+Blink rN+}
 46792 | Elf:3    | Identified the +0 pair of boots "Feihow" {rF+ MP+9 Dex+3}
 46846 | Elf:3    | Got the Catalogue of Concussion and the Tektite
 46883 | Elf:3    | Identified the staff of cold "Gaeppycu" {rPois rC+ Stlth+}
 47015 | Elf:3    | Learned a level 8 spell: Lehudib's Crystal Spear
 47294 | Swamp:1  | Entered Level 1 of the Swamp
 50275 | Swamp:3  | Identified the +8 mace of Niud Dago {heavy, Str+5 Int-5}
 50366 | Swamp:4  | Entered Level 4 of the Swamp
 50368 | Swamp:4  | Reached skill level 15 in Fighting
 51147 | Swamp:4  | Reached skill level 23 in Stealth
 51564 | Swamp:4  | Got a decaying rune of Zot
 52022 | Vaults:1 | Entered Level 1 of the Vaults
 52470 | Vaults:1 | Reached XP level 21. HP: 200/201 MP: 31/39
 52505 | Vaults:1 | Noticed Nikola
 52764 | Vaults:1 | Reached skill level 15 in Spellcasting
 53673 | Vaults:1 | Killed Nikola
 55733 | Vaults:2 | Found Koucsiorgh's General Store.
 55733 | Vaults:2 | Found Zakoclocs's General Store.
 55883 | Vaults:2 | Bought a potion of heal wounds for 80 gold pieces
 55894 | Vaults:2 | Found Wocs's Armour Boutique.
 56042 | Vaults:3 | Reached skill level 24 in Stealth
 56313 | Vaults:3 | Found Othris's Distillery.
 56318 | Vaults:3 | Bought 2 potions of heal wounds for 190 gold pieces
 56318 | Vaults:3 | Bought a potion of magic for 152 gold pieces
 56629 | Vaults:3 | Found a staircase to the Crypt.
 56629 | Vaults:3 | Found an ancient bone altar of Kikubaaqudgha.
 56629 | Vaults:3 | Found a basalt altar of Yredelemnul.
 57147 | Vaults:3 | Identified the +7 morningstar of the End {spect, *Rage
                  | rPois Int+6 Dex-5}
 57154 | Vaults:3 | Reached XP level 22. HP: 176/213 MP: 10/41
 57304 | Vaults:3 | Got Sif Muna's Annotations on Nausea and Orogeny
 58414 | Vaults:4 | Noticed Yloucecuu's ghost (veteran SpEn)
 58415 | Vaults:4 | Noticed jlumianski's ghost (veteran KoBe)
 58422 | Vaults:4 | Found a transporter.
 58429 | Vaults:4 | Noticed AgonHex's ghost (veteran HOFi)
 59795 | Vaults:4 | Noticed a dread lich
 59818 | Vaults:4 | Found a transporter.
 61639 | D:15     | Reached skill level 15 in Conjurations
 61932 | Depths:1 | Reached skill level 25 in Stealth
 62724 | Depths:1 | Found a stormy altar of Qazlal.
 62838 | Depths:1 | Found a gateway to Hell.
 63952 | Depths:2 | Reached XP level 23. HP: 223/223 MP: 32/43
 64322 | Depths:2 | Found a broken altar of Ashenzari.
 64458 | Depths:2 | Paralysed by a floating eye for 3 turns
 64613 | Depths:2 | Found a one-way gate leading to the halls of Pandemonium.
 64750 | Depths:2 | Noticed a caustic shrike
 64756 | Depths:2 | Noticed a caustic shrike
 64756 | Depths:2 | Noticed a caustic shrike
 64758 | Depths:2 | Noticed a caustic shrike
 64758 | Depths:2 | Killed a caustic shrike
 64763 | Depths:2 | Killed a caustic shrike
 65002 | Depths:2 | Killed a caustic shrike
 65212 | Depths:2 | Killed a caustic shrike
 65508 | Depths:3 | Found a one-way gate to the infinite horrors of the Abyss.
 65513 | Depths:3 | Noticed a golden dragon
 65527 | Depths:2 | Killed a golden dragon
 65660 | Depths:3 | Noticed a golden dragon
 65988 | Depths:3 | Noticed a caustic shrike
 65993 | Depths:3 | Killed a caustic shrike
 66310 | Depths:3 | Found a runed translucent gate.
 66311 | Depths:3 | Found a runed translucent gate.
 66312 | Depths:3 | Found a runed translucent gate.
 66723 | Depths:3 | Noticed Xtahua
 66946 | Depths:3 | Killed Xtahua
 67199 | Depths:3 | Reached skill level 26 in Stealth
 67739 | Depths:4 | Entered Level 4 of the Depths
 67854 | Depths:4 | Noticed a juggernaut
 67879 | Depths:4 | Killed a juggernaut
 68249 | Depths:4 | Noticed a golden dragon
 68479 | Depths:4 | Identified the +8 spear of Kismet {drain, rPois rN+ Stlth-}
 68482 | Depths:4 | Identified the ring "Poaresaj" {rPois Will+}
 69194 | Depths:4 | Found a one-way gateway to a ziggurat.
 69293 | Depths:4 | Killed a golden dragon
 69660 | Depths:4 | Reached skill level 1 in Armour
 69666 | Depths:4 | Reached XP level 24. HP: 170/236 MP: 25/44
 69864 | Depths:4 | Noticed Margery
 69876 | Depths:4 | Found a runed translucent door.
 69885 | Depths:4 | Found a runed translucent door.
 70016 | Depths:4 | Killed Margery
 70270 | Depths:4 | Noticed Parghit
 70877 | Slime:1  | Entered Level 1 of the Pits of Slime
 72078 | Slime:4  | Gained mutation: Your spells are a little easier to cast,
                  | but a little less powerful. [a shining eye]
 72082 | Slime:4  | Gained mutation: Your magical capacity is low. (-10% MP) [a
                  | shining eye]
 72087 | Slime:4  | Gained mutation: You are frail. (-10% HP) [a shining eye]
 72401 | Slime:5  | Entered Level 5 of the Pits of Slime
 72431 | Slime:4  | Paralysed by a floating eye for 4 turns
 73811 | Slime:5  | Reached skill level 15 in Shields
 74249 | Slime:5  | Found a viscous altar of Jiyva.
 74249 | Slime:5  | Noticed the Royal Jelly
 74908 | Slime:4  | Paralysed by a floating eye for 3 turns
 75697 | Slime:3  | Reached skill level 5 in Armour
 76526 | Slime:5  | Learned a level 7 spell: Orb of Destruction
 76791 | Lair:4   | Lost mutation: Your spells are a little easier to cast, but
                  | a little less powerful. [potion of mutation]
 76791 | Lair:4   | Lost mutation: You are frail. (-10% HP) [potion of
                  | mutation]
 76791 | Lair:4   | Lost mutation: Your magical capacity is low. (-10% MP)
                  | [potion of mutation]
 76791 | Lair:4   | Gained mutation: You are dopey. (Int -2) [potion of
                  | mutation]
 76791 | Lair:4   | Gained mutation: Your muscles are strong. (Str +4, Int/Dex
                  | -1) [potion of mutation]
 76791 | Lair:4   | Gained mutation: Your spells are a little easier to cast,
                  | but a little less powerful. [potion of mutation]
 76792 | Lair:4   | Lost mutation: You are dopey. (Int -2) [potion of mutation]
 76792 | Lair:4   | Lost mutation: Your spells are a little easier to cast, but
                  | a little less powerful. [potion of mutation]
 76792 | Lair:4   | Lost mutation: Your muscles are strong. (Str +4, Int/Dex
                  | -1) [potion of mutation]
 76792 | Lair:4   | Gained mutation: You have hidden genetic defects. [potion
                  | of mutation]
 76792 | Lair:4   | Gained mutation: Your muscles are strong. (Str +4, Int/Dex
                  | -1) [potion of mutation]
 76792 | Lair:4   | Gained mutation: Your muscles are very strong. (Str +8,
                  | Int/Dex -2) [potion of mutation]
 76809 | Lair:4   | Lost mutation: You have hidden genetic defects. [potion of
                  | mutation]
 76809 | Lair:4   | Lost mutation: Your muscles are very strong. (Str +8,
                  | Int/Dex -2) [potion of mutation]
 76809 | Lair:4   | Lost mutation: Your muscles are strong. (Str +4, Int/Dex
                  | -1) [potion of mutation]
 76809 | Lair:4   | Gained mutation: Your spells are a little harder to cast,
                  | but a little more powerful. [potion of mutation]
 77027 | Orc:2    | Bought +0 pearl dragon scales for 1100 gold pieces
 77543 | Vaults:5 | Entered Level 5 of the Vaults
 77598 | Vaults:5 | Identified the ring "Hariofe" {rF+ MP+9 Int+5 Stlth+}
 77709 | Vaults:5 | Noticed a dread lich
 77716 | Vaults:5 | Killed a dread lich
 78493 | Vaults:5 | Identified the staff of poison "Duisaz" {rElec rPois}
 78525 | Vaults:5 | Noticed an ancient lich
 78536 | Vaults:5 | Reached XP level 25. HP: 212/242 MP: 12/44
 78551 | Vaults:5 | Killed an ancient lich
 78651 | Vaults:5 | Identified the +1 halberd of the Pharaoh's Fist {venom,
                  | *Noise rC+ Str+2}
 78806 | Vaults:5 | Noticed a dread lich
 78811 | Vaults:5 | Identified the +10 broad axe "Qyquwel" {heavy, rF++}
 78812 | Vaults:5 | Killed a dread lich
 81491 | Vaults:5 | Found Sumeod's Distillery.
 81496 | Vaults:5 | Bought a potion of heal wounds for 100 gold pieces
 81595 | Vaults:5 | Got a silver rune of Zot
 82501 | Depths:3 | Killed Parghit
 83223 | Depths:4 | Reached XP level 26. HP: 258/258 MP: 12/45
 83404 | Depths:4 | Found a runed translucent door.
 83419 | Depths:4 | Found a runed translucent door.
 83473 | Depths:4 | Found a runed translucent door.
 83514 | Depths:4 | Found a runed translucent door.
 83546 | Depths:4 | Found a gate to the Realm of Zot.
 83810 | Zot:1    | Entered Level 1 of the Realm of Zot
 84040 | Zot:1    | Identified the +7 halberd "Heohism" {heavy, rF+ rN+ rCorr
                  | Int-5}
 85190 | Zot:2    | Found a huge runed gate.
 85190 | Zot:2    | Found a huge runed gate.
 85190 | Zot:2    | Found a huge runed gate.
 85190 | Zot:2    | Found a huge runed gate.
 85190 | Zot:2    | Found a huge runed gate.
 85190 | Zot:2    | Found a huge runed gate.
 85190 | Zot:2    | Found a huge runed gate.
 85190 | Zot:2    | Found a huge runed gate.
 85190 | Zot:2    | Found a huge runed gate.
 85190 | Zot:2    | Found a huge runed gate.
 85420 | Zot:2    | Found a huge runed gate.
 85420 | Zot:2    | Found a huge runed gate.
 85420 | Zot:2    | Found a huge runed gate.
 85420 | Zot:2    | Found a huge runed gate.
 85420 | Zot:2    | Found a huge runed gate.
 85420 | Zot:2    | Found a huge runed gate.
 85466 | Zot:2    | Found a huge runed gate.
 85484 | Zot:2    | Found a huge runed gate.
 85484 | Zot:2    | Found a huge runed gate.
 85487 | Zot:2    | Found a huge runed gate.
 85487 | Zot:2    | Found a huge runed gate.
 85487 | Zot:2    | Found a huge runed gate.
 85487 | Zot:2    | Found a huge runed gate.
 85487 | Zot:2    | Found a huge runed gate.
 85488 | Zot:2    | Found a huge runed gate.
 85490 | Zot:2    | Found a huge runed gate.
 85491 | Zot:2    | Found a huge runed gate.
 85492 | Zot:2    | Found a huge runed gate.
 85538 | Zot:2    | Found a huge runed gate.
 85538 | Zot:2    | Found a huge runed gate.
 85538 | Zot:2    | Found a huge runed gate.
 85538 | Zot:2    | Found a huge runed gate.
 85539 | Zot:2    | Found a huge runed gate.
 85540 | Zot:2    | Found a huge runed gate.
 85541 | Zot:2    | Found a huge runed gate.
 85542 | Zot:2    | Found a huge runed gate.
 88082 | Zot:3    | Found the +4 dragonskin cloak
 88082 | Zot:3    | Noticed Tiamat
 89058 | Zot:3    | Noticed Vv
 89371 | Zot:3    | Killed Tiamat
 90143 | Zot:3    | Reached XP level 27. HP: 268/268 MP: 22/46
 90807 | Zot:3    | Found a burning altar of Makhleb.
 90821 | Zot:3    | Got the Handbook of Fire and Brimstone
 90830 | Zot:3    | Got the Omnibus of the Zealot
 91048 | Zot:3    | Killed Vv
 91806 | Zot:4    | Identified the +0 leather armour of Agoraphobia {Str+3}
 91942 | Zot:4    | Learned a level 2 spell: Sublimation of Blood
 91952 | Zot:4    | Reached skill level 1 in Necromancy
 92214 | Zot:4    | Reached skill level 5 in Necromancy
 92477 | Zot:4    | Noticed an ancient lich
 92501 | Zot:4    | Killed an ancient lich
 93606 | Zot:4    | Found a stormy altar of Qazlal.
 94229 | Zot:4    | Noticed an orb of fire
 94232 | Zot:4    | Gained mutation: You occasionally lose the ability to drink
                  | potions when taking damage. [an orb of fire]
 94235 | Zot:4    | Killed an orb of fire
 95404 | Zot:5    | Entered Level 5 of the Realm of Zot
 95442 | Zot:5    | Found a transporter.
 95442 | Zot:5    | Noticed Persimmon's ghost (legendary DECj)
 95443 | Zot:5    | Found a transporter.
 95585 | Zot:5    | Identified the staff of death "Zewkef" {rN+ Int+2}
 95695 | Zot:5    | Noticed a dread lich
 95726 | Zot:5    | Killed a dread lich
 96000 | Zot:5    | Noticed an orb of fire
 96001 | Zot:5    | Noticed an orb of fire
 96001 | Zot:5    | Noticed an orb of fire
 96004 | Zot:5    | Gained mutation: You sometimes lose your temper in combat.
                  | [an orb of fire]
 96005 | Zot:5    | Noticed an ancient lich
 96006 | Zot:5    | Gained mutation: You are clumsy. (Dex -2) [an orb of fire]
 96007 | Zot:5    | Killed an orb of fire
 96008 | Zot:5    | Gained mutation: You are frail. (-10% HP) [an orb of fire]
 96026 | Zot:5    | Noticed an orb of fire
 96027 | Zot:5    | Noticed an orb of fire
 96028 | Zot:5    | Gained mutation: You are dopey. (Int -2) [an orb of fire]
 96113 | Zot:5    | Killed an ancient lich
 96137 | Zot:5    | Gained mutation: You have hidden genetic defects. [an orb
                  | of fire]
 96141 | Zot:5    | Killed an orb of fire
 96191 | Zot:5    | Killed an orb of fire
 96199 | Zot:5    | Gained mutation: You occasionally shout uncontrollably at
                  | your foes. [an orb of fire]
 96350 | Zot:5    | Lost mutation: You occasionally shout uncontrollably at
                  | your foes. [potion of mutation]
 96350 | Zot:5    | Lost mutation: You are clumsy. (Dex -2) [potion of
                  | mutation]
 96350 | Zot:5    | Lost mutation: Your spells are a little harder to cast, but
                  | a little more powerful. [potion of mutation]
 96350 | Zot:5    | Gained mutation: You can exhale a cloud of poison. [potion
                  | of mutation]
 96350 | Zot:5    | Lost mutation: You have hidden genetic defects. [potion of
                  | mutation]
 96351 | Zot:5    | Lost mutation: You sometimes lose your temper in combat.
                  | [potion of mutation]
 96351 | Zot:5    | Lost mutation: You are frail. (-10% HP) [potion of
                  | mutation]
 96351 | Zot:5    | Lost mutation: You can exhale a cloud of poison. [potion of
                  | mutation]
 96351 | Zot:5    | Gained mutation: You are frail. (-10% HP) [potion of
                  | mutation]
 96351 | Zot:5    | Gained mutation: Your movements are slightly less
                  | encumbered by armour. (ER -2) [potion of mutation]
 96351 | Zot:5    | Lost mutation: You are frail. (-10% HP) [potion of
                  | mutation]
 96352 | Zot:5    | Lost mutation: You occasionally lose the ability to drink
                  | potions when taking damage. [potion of mutation]
 96352 | Zot:5    | Lost mutation: Your movements are slightly less encumbered
                  | by armour. (ER -2) [potion of mutation]
 96352 | Zot:5    | Gained mutation: You have a pair of small horns on your
                  | head. [potion of mutation]
 96352 | Zot:5    | Gained mutation: You occasionally lose the ability to drink
                  | potions when taking damage. [potion of mutation]
 96352 | Zot:5    | Lost mutation: You have a pair of small horns on your head.
                  | [potion of mutation]
 96352 | Zot:5    | Gained mutation: You are agile. (Dex +4, Str/Int -1)
                  | [potion of mutation]
 96572 | Zot:5    | Reached skill level 1 in Axes
 96858 | Zot:5    | Noticed an orb of fire
 96864 | Zot:5    | Killed an orb of fire
 96865 | Zot:5    | Reached skill level 5 in Axes
 96897 | Zot:5    | Noticed a dread lich
 96906 | Zot:5    | Killed a dread lich
 96914 | Zot:5    | Killed an orb of fire
 97001 | Zot:5    | Gained mutation: You sometimes lose your temper in combat.
                  | [an orb of fire]
 97007 | Zot:5    | Killed an orb of fire
 97814 | Zot:5    | Got the Orb of Zot
 98080 | Zot:3    | Noticed Luamec the pandemonium lord
 98127 | Zot:2    | Killed Luamec the pandemonium lord
 98155 | Zot:1    | Noticed Fataefyck the pandemonium lord
 98173 | Zot:1    | Upgraded the game from 0.30.1-5-ged363bc7ee to
                  | 0.30.1-6-gbe392663c4
 98174 | Zot:1    | HP: 14/282 [??? (11)]
 98176 | Zot:1    | HP: 2/284 [Fataefyck the pandemonium lord (13)]
 98176 | Zot:1    | Mangled by a Brimstone Fiend

Illustrated notes

Levels and vault maps discovered:
D:1:      lemuel_arrival_tunnels, layout_basic, nicolae_ecumenical_lake_church
D:2:      layout_basic, hangedman_abyss_or_decor_lesser_grid
D:3:      layout_loops_ring, nicolae_vehumet_altar_sigil, uniq_robin,
          uniq_crazy_yiuf_cottage
D:4:      layout_layer_cave, grunt_decor_clamped
D:5:      layout_rooms, worldfamousw_hep_ancestral_shrine,
          mainiacjoe_overflow_boulevard, gup_sewer_entry_glass,
          kennysheep_minor_cross, glass_columns_b, guppyfry_shop_venom,
          uniq_prince_ribbit1
D:6:      layout_loops_ring, lemuel_tele_altar,
          mainiacjoe_overflow_cross_hatched, serial_shops, shop,
          hangedman_abyss_or_decor_jellyfish_corner
D:7:      lemuel_slime, layout_loops_corners, minmay_temple_entry_ruins,
          uniq_menkaure
D:8:      layout_basic, enter_bailey_5, serial_shops, shop, minmay_nine_imps,
          uniq_gastronok
D:9:      layout_basic, gammafunk_temple_overflow_claw, lair_entry_dummy,
          uniq_harold, uniq_erolcha, uniq_joseph
D:10:     layout_irregular_city, hangedman_decor_slide_cut, st_stairs_10
D:11:     layout_basic, orc_0_dummy, eat_drink_and_be_merry_uskayaw,
          uniq_josephine, uniq_urug
D:12:     layout_cave_pools, gammafunk_ghost_cemetery, uniq_nergalle
D:13:     layout_stronghold, erik_vaults_1, minmay_fractal_squares_5
D:14:     layout_small_grid, uniq_nessos, uniq_snorg
D:15:     grunt_enter_depths_snipers, layout_loops_ring,
          portal_ice_cave_entry_ugly_swarm, uniq_azrael
Lair:1:   layout_gridlike
Lair:2:   layout_chaotic_city, swamp_mist, nicolae_spider_entry_non_spiders,
          beast_lair_carwin_10, uniq_erica
Lair:3:   minmay_guarded_unrand_snakebite, layout_cave_pods, st_stairs_12
Lair:4:   layout_misc_corridors, nicolae_slime_entry_slimehenge
Lair:5:   hangedman_lair_tendril_chambers, layout_gridlike, wormcave,
          serial_bayou, serial_bayou_pond_e, serial_bayou_pond_a,
          serial_bayou_lagoon_b, serial_bayou_ford_a, serial_bayou_pond_a
Swamp:1:  layout_basic_swamp, evilmike_swamp_ruin_house_2, swamp_pool1,
          nicolae_swamp_bean_lake
Swamp:2:  layout_falls_marsh, serial_swamp_ruin, hangedman_swamp_ruin_wall,
          evilmike_swamp_ruin_house_1, evilmike_swamp_ruin_house_5
Swamp:3:  layout_falls_marsh, nicolae_swamp_big_swirl
Swamp:4:  swamp, layout_basic_swamp, swamp_pool1
Spider:1: nicolae_spider_mines_3
Spider:2: layout_cave_pods, nicolae_spider_twisty_arc_passages
Spider:3: nicolae_spider_broodchamber
Spider:4: spider_rune_water
Slime:1:  layout_caves
Slime:2:  layout_caves
Slime:3:  layout_caves
Slime:4:  cheibrodos_slime_lost_civilization_10, layout_caves,
          nicolae_slime_getting_an_eyeful
Slime:5
Orc:1:    layout_diamond_mine, guppyfry_orc_lava_fort
Orc:2:    st_orc_congregation, layout_caves, serial_shops, shop, mines3_lemuel,
          uniq_maurice
Elf:1:    nicolae_elf_arrival_no_cutting_in_line, layout_geoelf_grid,
          minmay_elf_demonology, minmay_the_grid_square_5x5_3x3_mashed
          [minmay_the_grid_square_5x5_minibox,
          minmay_the_grid_square_5x5_shrine2, minmay_the_grid_square_5x5_two,
          minmay_the_grid_square_5x5_tie,
          minmay_the_grid_square_5x5_megaprize_checkered,
          minmay_the_grid_square_5x5_n, minmay_the_grid_square_5x5_trominoes,
          minmay_the_grid_square_5x5_eight, minmay_the_grid_square_5x5_inner_v],
          minmay_shop_grove
Elf:2:    elven_hall_of_blades_hangedman_alternative
          [nicolae_blade_entry_diamond_columns], layout_loops_corners
Elf:3:    grunt_elf_hall_spiral, layout_geoelf_grid, serial_shops,
          nicolae_shop_real_fake_doors, uniq_saint_roka
Vaults:1: nicolae_vaults_three_branches, v_misc_29,
          vaults_mumra_minichess_inversion, nicolae_vaults_house_1,
          ontoclasm_vaults_tryst, nicolae_vaults_lightning_bolt,
          vaults_room_door_hall, ontoclasm_vaults_loading_screen,
          nicolae_vaults_trapezoid_lopsided_3,
          nicolae_vaults_offset_grid_hallway_4, v_misc_29, v_pattern_3,
          vaults_room_guarded_vault, nicolae_vaults_shelves_hall,
          nicolae_vaults_apartment_1, layout_vaults_ring, uniq_nikola
Vaults:2: nicolae_vaults_closet_pinwheel_1, nicolae_vaults_more_shelving_1,
          hangedman_vaults_hard_town_square, ontoclasm_vaults_pinch,
          nicolae_vaults_closet_pinwheel_5, nicolae_vaults_closet_pinwheel_1,
          nicolae_vaults_tetromino_Z_1, layout_vaults_omnigrid
Vaults:3: v_misc_16, nicolae_vaults_whirlpool_walls,
          nicolae_vaults_tetromino_T_1, hangedman_vaults_impose,
          nicolae_vaults_diamond_2, nicolae_vaults_network_s, v_rooms_3,
          v_misc_27, minmay_crypt_entry_necro_gods, vaults_room_pools,
          nicolae_vaults_little_ls, nicolae_vaults_turnstiles, v_misc_25,
          nicolae_vaults_circle_grid_b, ontoclasm_vaults_eye, v_alt_pattern_3,
          layout_vaults_maze, serial_shops, shop
Vaults:4: nzn_ghost_randoct, nicolae_vaults_closet_pinwheel_1,
          nicolae_vaults_big_ls, nicolae_vaults_sightless_eye,
          hangedman_vaults_stream, nicolae_vaults_trapezoid_3,
          ontoclasm_vaults_chip, nicolae_vaults_trapezoid_lopsided_4,
          nicolae_vaults_storage_closets_1, nicolae_vaults_double_plus_2,
          layout_vaults_omnibox
Vaults:5
Depths:1: layout_long_grid, hangedman_tar_grid_catacomb,
          nicolae_qazlal_general_emergency, minmay_gold_behind_fungi,
          lightli_corner_chamber
Depths:2: minmay_distorted_concentric_squares, layout_gridville,
          hangedman_decor_growths, pan_entry, pf_dread_powers_of_hell,
          minmay_strange_pillars, nicolae_ashenzari_skybound
Depths:3: nicolae_hexawheel, layout_cave_shapes, minmay_fountain_box,
          rand_demon_pan_entry_5, abyss_entry,
          ploomutoo_gammafunk_ghost_potion_laboratory, hell_entry, uniq_xtahua
Depths:4: evilmike_zot_entry_castle, layout_basic, enter_ziggurat_e,
          grunt_hell_horde, serial_sigils_hangedman_gut, abyss_entry,
          uniq_margery, uniq_parghit
Zot:1:    layout_onion_interference, st_stairs_14, grunt_ministairs_1,
          grunt_megastairs_3
Zot:2:    layout_basic, door_vault, uniq_josephina
Zot:3:    nicolae_zot_draconian_monastery, layout_cathedral_of_symmetry,
          grunt_ministairs_11, uniq_vv, uniq_tiamat
Zot:4:    regret_index_qazlal_generations, layout_misc_corridors, st_stairs_8,
          st_large_dragon_hoard_2
Zot:5:    layout_misc_corridors, gammafunk_ghost_arena

Skill      XL: |  1  2  3  4  5  6  7  8  9 10 11 12 13 14 15 16 17 18 19 20 21 22 23 24 25 26 27 |
---------------+----------------------------------------------------------------------------------+-----
Ice Magic      | 5 6 7 8 9 10 11 12 | 12.0
Stealth        | 4 5 6 8 10 11 13 14 16 17 19 20 21 22 23 24 25 26 | 26.4
Spellcasting   | 3 4 6 7 8 9 10 11 12 13 14 15 16 17 18 19 | 19.2
Fighting       | 1 2 3 5 7 8 10 11 12 13 14 15 16 17 18 19 23 | 23.7
Summonings     | 2 4 5 7 8 |  8.0
Poison Magic   | 2 7 10 | 10.7
Translocations | 1 3 |  3.0
Shields        | 4 8 10 12 13 14 15 16 17 | 17.2
Earth Magic    | 6 7 9 10 11 12 14 | 14.3
Conjurations   | 5 6 9 11 13 14 15 16 17 18 | 18.7
Air Magic      | 3 4 |  4.0
Armour         | 1 6 8 |  8.2
Necromancy     | 7 |  7.3
Axes           | 9 |  9.6
Dodging        | |  1.5

Action                     |  1- 3 |  4- 6 |  7- 9 | 10-12 | 13-15 | 16-18 | 19-21 | 22-24 | 25-27 || total
---------------------------+-------+-------+-------+-------+-------+-------+-------+-------+-------++-------
  Melee: Dagger            |     5 |    12 |   140 |   176 |   469 |   430 |   136 |   156 |   199 ||  1723
         Punch             |       |       |     2 |       |       |       |       |       |       ||     2
         Whip              |       |       |       |       |    40 |       |       |       |       ||    40
         Constrict         |       |       |       |       |   105 |    83 |    79 |    55 |    46 ||   368
         Scimitar          |       |       |       |       |       |       |   164 |   175 |       ||   339
         Demon trident     |       |       |       |       |       |       |       |    17 |       ||    17
         Broad axe         |       |       |       |       |       |       |       |       |    35 ||    35
   Cast: Freeze            |    28 |    55 |    80 |    25 |    40 |       |       |       |       ||   228
         Frozen Ramparts   |       |       |    16 |    27 |    73 |    51 |    27 |    27 |     4 ||   225
         Olgreb's Toxic Ra |       |       |    12 |    58 |   139 |   131 |    41 |    10 |     3 ||   394
         Summon Ice Beast  |       |       |     3 |    21 |    59 |    38 |     8 |     2 |       ||   131
         Blink             |       |       |       |     3 |     2 |       |       |     1 |     1 ||     7
         Poisonous Vapours |       |       |       |     1 |     3 |     1 |       |       |       ||     5
         Iron Shot         |       |       |       |       |       |    67 |   353 |   564 |   649 ||  1633
         Freezing Cloud    |       |       |       |       |       |    16 |    67 |    36 |    35 ||   154
         Lee's Rapid Decon |       |       |       |       |       |       |     1 |       |       ||     1
         Spellforged Servi |       |       |       |       |       |       |    48 |   111 |   119 ||   278
         Orb of Destructio |       |       |       |       |       |       |       |     1 |    10 ||    11
         Lehudib's Crystal |       |       |       |       |       |       |       |       |    15 ||    15
         Sublimation of Bl |       |       |       |       |       |       |       |       |    35 ||    35
Ability: Spit Poison       |    17 |    19 |    32 |    14 |    18 |     2 |     1 |     1 |       ||   104
  Evoke: Wand              |       |       |     7 |     5 |     8 |    25 |     2 |     7 |    13 ||    67
    Use: Scroll            |       |     3 |     4 |     1 |    11 |    17 |    14 |    29 |    18 ||    97
         Potion            |       |       |     2 |     3 |     2 |    10 |    14 |    11 |    36 ||    78
   Stab: Sleeping          |       |     2 |     7 |     8 |    21 |    26 |    12 |     6 |     4 ||    86
         Paralysed         |       |       |     1 |     2 |       |     1 |       |       |       ||     4
         Distracted        |       |       |       |       |     5 |     1 |    10 |    10 |    10 ||    36
         Invisible         |       |       |       |       |     1 |       |     1 |       |       ||     2
 Armour: Robe              |     8 |    16 |   122 |    18 |       |       |       |       |       ||   164
         Acid dragon scale |       |       |       |    97 |   266 |    69 |       |       |       ||   432
         Skin              |       |       |       |    33 |       |       |       |       |       ||    33
         Leather armour    |       |       |       |       |       |   340 |   348 |   577 |   380 ||  1645
  Dodge: Dodged            |     8 |    34 |   110 |   109 |   132 |   108 |   116 |   184 |    94 ||   895
  Block: Kite shield       |       |       |       |       |   397 |   546 |   385 |   552 |       ||  1880
         Reflection        |       |       |       |       |    20 |     3 |    40 |    33 |    28 ||   124
         Tower shield      |       |       |       |       |       |       |       |    69 |   819 ||   888
